 Dungeon Crawl Stone Soup version 0.28-a0-1033-g1a2f33fa85 (webtiles) character file.

Game seed: 5724209974875189920

177 Umoon2 the Ducker (level 5, -2/41 HPs)
             Began as a Demonspawn Gladiator on Dec 8, 2021.
             Slain by a worm (5 damage)
             ... on level 4 of the Dungeon.
             The game lasted 00:03:40 (3232 turns).

Umoon2 the Ducker (Demonspawn Gladiator)            Turns: 3232, Time: 00:03:41

Health: -2/41      AC:  7    Str: 17    XL:     5   Next: 30%
Magic:  5/5        EV: 12    Int:  9    God:
Gold:   114        SH:  4    Dex: 14    Spells: 4/4 levels left

rFire   . . .      SeeInvis .     - Unarmed
rCold   . . .      Faith    .   (no shield)
rNeg    . . .      Spirit   .   h - +0 ring mail
rPois   .          Reflect  .   c - +0 helmet
rElec   .          Harm     .   (no cloak)
rCorr   .          Rampage  .   (no gloves)
Will    .....                   j - +0 pair of boots
Stlth   +.........              (no amulet)
HPRegen 0.13/turn               o - ring of flight
MPRegen 0.09/turn               (no ring)

@: flying
A: claws 2, condensation shield
a: no special abilities


You were on level 4 of the Dungeon.
You visited 1 branch of the dungeon, and saw 4 of its levels.

You collected 114 gold pieces.

Inventory:

Hand Weapons
 a - a +0 rapier
Missiles
 d - 5 throwing nets (quivered)
Armour
 b - a +0 leather armour
 c - a +0 helmet (worn)
 h - a +0 ring mail (worn)
 j - a +0 pair of boots (worn)
Jewellery
 o - a ring of flight (left claw)
Scrolls
 e - a scroll of enchant weapon {unknown}
 f - a scroll of enchant armour {unknown}
 i - a scroll of vulnerability {unknown}
 l - 3 scrolls of identify {unknown}
 m - a scroll of noise {unknown}
 n - a scroll of teleportation {unknown}
Potions
 g - 2 potions of mutation {unknown}
 k - 2 potions of heal wounds {unknown}
 p - a potion of might {unknown}


   Skills:
 + Level 3.1 Fighting
 - Level 2.6 Short Blades
 - Level 1.7 Throwing
 + Level 1.9 Armour
 + Level 3.5 Dodging
 * Level 2.4 Unarmed Combat


You had 4 spell levels left.
You didn't know any spells.
Your spell library was empty.

Dungeon Overview and Level Annotations

Branches:
Dungeon (4/15)
 Temple: D:4-7

Altars:
Nemelex Xobeh


Innate Abilities, Weirdness & Mutations

You have very sharp fingernails.
A meltable shield of frost defends you. (SH +4)


Message History

Done exploring.
No target in view!
No target in view!
Done exploring.
Done exploring.
(D) Dungeon
Where to? (Enter - D:3, ? - help)
There is a stone staircase leading down here.
You fly downwards.
You hear the hiss of flowing sand.
There is an entrance to an ossuary on this level.
Hurry and find it before the portal is buried!
The ogre shouts!
Found 25 stones.
There is a stone staircase leading up here.
An orc comes into view. It is wielding a +0 short sword.
The orc shouts!
You hear a shout!
The orc moves out of view.
An orc wizard comes into view. It is wielding a +0 dagger.
You aren't carrying any items that you can evoke.
The orc wizard shouts!
The orc wizard casts a spell.
The orc wizard flickers and vanishes!
Deactivating autopickup; reactivate with Ctrl-A.
An orc priest comes into view. It is wielding a +0 trident.
You scratch the ogre.
The ogre is lightly wounded.
The ogre hits you with a +0 giant spiked club.
You closely miss the ogre.
The ogre is lightly wounded.
The ogre closely misses you.
The orc priest calls down the wrath of Beogh upon you.
Beogh smites you!
You scratch the ogre.
The ogre is moderately wounded.
The ogre hits you with a +0 giant spiked club!!
Ouch! That really hurt!
* * * LOW HITPOINT WARNING * * *
A worm comes into view.
The worm bites you.
You die...

..########
.o...oO.<#
..######o#
#....#
#.##.#
#O##.#
#@##.#
#w##(#
......
......#
....####
.....#
......#
.......#


You could see an ogre and a worm.

Vanquished Creatures
  A scorpion (D:3)
  3 gnolls (D:3)
  3 adders
  2 worms (D:3)
  A dart slug (D:2)
  An orc (D:3)
  4 ball pythons
  5 endoplasms
  A giant cockroach (D:1)
  8 goblins
  5 hobgoblins
  2 jackals (D:2)
  4 quokkas
  A bat (D:1)
  A frilled lizard (D:1)
  10 kobolds
  4 rats
56 creatures vanquished.

Notes
Turn   | Place    | Note
-------+----------+-------------------------------------------
     0 | D:1      | Umoon2 the Demonspawn Gladiator began the quest for the
                  | Orb.
     0 | D:1      | Reached XP level 1. HP: 16/16 MP: 1/1
   185 | D:1      | Found a faded altar of an unknown god.
   293 | D:1      | Gained mutation: You have sharp fingernails. [demonic
                  | ancestry]
   293 | D:1      | Reached XP level 2. HP: 22/22 MP: 2/2
  1008 | D:2      | Reached skill level 1 in Armour
  1424 | D:2      | Reached skill level 1 in Unarmed Combat
  1424 | D:2      | Gained mutation: You have very sharp fingernails. [demonic
                  | ancestry]
  1424 | D:2      | Reached XP level 3. HP: 28/28 MP: 3/3
  2181 | D:3      | Reached XP level 4. HP: 34/34 MP: 4/4
  2367 | D:3      | Found a sparkling altar of Nemelex Xobeh.
  2667 | D:3      | Noticed a scorpion
  2680 | D:3      | Killed a scorpion
  2681 | D:3      | Gained mutation: A meltable shield of frost defends you.
                  | (SH +4) [demonic ancestry]
  2681 | D:3      | Reached XP level 5. HP: 41/41 MP: 5/5
  3217 | D:4      | Noticed an ogre
  3226 | D:4      | HP: 2/41 [ogre (27)]
  3232 | D:4      | Slain by a worm

Illustrated notes

Levels and vault maps discovered:
D:1:      doesnt_arrival_eight_statues, layout_loops_cross,
          hellmonk_ecumenical_altar_crossroads
D:2:      layout_loops_cross
D:3:      layout_loops_ring, nemelex_xobeh_ov_fountains_minmay
D:4:      layout_basic, minmay_temple_entry_wispy, enter_ossuary_5,
          wad_orctagon, uniq_duvessa

Skill      XL: |  1  2  3  4 |
---------------+-------------+-----
Dodging        | 3 |  3.5
Armour         | 1 |  1.9
Unarmed Combat | 1 2 |  2.4
Fighting       | 3 |  3.1
Short Blades   | |  2.6
Throwing       | |  1.7

Action                   |  1- 3 |  4- 6 || total
-------------------------+-------+-------++-------
Melee: Rapier            |    23 |       ||    23
       Unarmed           |   130 |    68 ||   198
       Punch             |     1 |     1 ||     2
Armor: Leather armour    |    12 |       ||    12
       Ring mail         |    65 |    14 ||    79
Dodge: Dodged            |   121 |    34 ||   155

Table legend: (Time is in decaauts)
 A = Elapsed time spent in this place.
 B = Non-inter-level travel time spent in this place.
 C = Inter-level travel time spent in this place.
 D = Time resting spent in this place.
 E = Time spent auto-exploring this place.
 F = Levels seen in this place.
 G = Mean time per level.
                   A        B        C        D        E       F      G
               +--------+--------+--------+--------+--------+-----+--------+
         Total |   3229 |   3072 |    157 |    682 |   1856 |   4 |  807.2 |
       Dungeon |   3229 |   3072 |    157 |    682 |   1856 |   4 |  807.2 |
               +--------+--------+--------+--------+--------+-----+--------+

Top non-repeatable levels by time:
     D:1: 1306 daAuts
     D:3: 1040 daAuts
     D:2: 868 daAuts
     D:4: 14 daAuts
